Workbook

Sheet CRONOGRAMA (2)
A1: PREFEITURA MUNICIPAL DE LAGOA DOS PATOS | G1: LICITANTE: BIOTEC ENGENHARIA LTDA
A2: OBRA: PAVIMENTAÇÃO ASFÁLTICA EM PMF, GUIAS E SARJETAS | G2: CNPJ: 04.717.646/0001-45
A3: PROCEDIMENTO LICITATÓRIO 048/2014 | G3: CEP: 38.408-188 - BAIRRO SANTA MÔNICA
A4: EDITAL: TOMADA DE PREÇO 005/2014 | G4: CIDADE: UBERLÂNDIA/MG
A5: DATA DA ABERTURA: 10/06/2014 | G5: END.: AV. DR. JAIME RIBEIRO LUZ, 971 Sl. 58 B/C
A6: B.D.I. = 30,00 %
A7: Cronograma Físico-Financeiro
A8: ITEM | B8: CÓDIGO | C8: ETAPAS DESCRIÇÃO | D8: FÍSICO/ FINANCEIRO | E8: TOTAL ETAPAS | F8: MÊS 1 | G8: MÊS 2 | H8: MÊS 3 | I8: MÊS 4 | J8: MÊS 5 | K8: MÊS 6
A9: 1 | B9: IIO-001 | C9: =#REF! -> #REF! | D9: Físico % | E9: =E10/E18 -> #REF! | F9: 0.8 | K9: 0.2
D10: Financeiro | E10: =#REF! -> #REF! | F10: =0.8*E10 -> #REF! | K10: =K9*E10 -> #REF!
A11: 2 | B11: TER-001 | C11: =#REF! -> #REF! | D11: Físico % | E11: =E12/E18 -> #REF! | F11: 0.2 | G11: 0.6 | H11: 0.2
D12: Financeiro | E12: =#REF! -> #REF! | F12: =F11*E12 -> #REF! | G12: =G11*E12 -> #REF! | H12: =H11*E12 -> #REF!
A13: 3 | B13: TER-002 | C13: =#REF! -> #REF! | D13: Físico % | E13: =E14/E18 -> #REF! | F13: 0.1 | G13: 0.3 | H13: 0.4 | I13: 0.2
D14: Financeiro | E14: =#REF! -> #REF! | F14: =F13*E14 -> #REF! | G14: =G13*E14 -> #REF! | H14: =H13*E14 -> #REF! | I14: =I13*E14 -> #REF!
A15: 3 | B15: DRE-001 | C15: =#REF! -> #REF! | D15: Físico % | E15: =E16/E18 -> #REF! | G15: 0.2 | H15: 0.4 | I15: 0.2 | J15: 0.2
D16: Financeiro | E16: =#REF! -> #REF! | G16: =G15*E16 -> #REF! | H16: =H15*E16 -> #REF! | I16: =I15*E16 -> #REF! | J16: =J15*E16 -> #REF!
A17: TOTAL | D17: Físico % | E17: =E9+E11+E15 -> #REF! | F17: =F18/$E$18 -> #REF! | G17: =G18/$E$18 -> #REF! | H17: =H18/$E$18 -> #REF! | I17: =I18/$E$18 -> #REF! | J17: =J18/$E$18 -> #REF! | K17: =K18/$E$18 -> #REF!
D18: Financeiro | E18: =E10+E12+E14+E16 -> #REF! | F18: =F10+F12+F14+F16 -> #REF! | G18: =G10+G12+G14+G16 -> #REF! | H18: =H10+H12+H14+H16 -> #REF! | I18: =I10+I12+I14+I16 -> #REF! | J18: =J10+J12+J14+J16 -> #REF! | K18: =K10+K12+K14+K16 -> #REF!

Sheet PLAN ORÇ
A7: PLANILHA DE ADITIVO DE ITENS
A8: PREFEITURA: PREFEITURA MUNICIPAL DE BRASILIA DE MINAS /MG
A9: OBRA: | B9: PAVIMENTAÇÃO ASFÁLTICA EM DIVERSAS RUAS DO MUNICÍPIO DE BRASÍLIA DE MINAS/MG | H9: DATA BASE: | I9: 01/05/2024 SINAPI
A10: LOCAL: Rua Edgar Pereira, Rua | F10: FORMA DE EXECUÇÃO
A11: REGIÃO/MÊS DE REFERÊNCIA: SINAPI - 05/2024 DESONERADO | F11: ( ) | G11: DIRETA | H11: ( x ) | I11: INDIRETA
A12: ISS DO MUNICÍPIO: 3%
A13: PRAZO PRAZO DE EXECUÇÃO: 60 DIAS | F13: BDI: | I13: 0.2864
A15: ITEM | B15: FONTE | C15: CÓDIGO | D15: DESCRIÇÃO | E15: UNIDADE | F15: QUANTIDADE | G15: PREÇO UNITÁRIO S/ BDI | H15: PREÇO UNITÁRIO C/ BDI | I15: PREÇO TOTAL COM DESCONTO
A17: 1.0 | D17: SERVIÇOS PRELIMINARES
A18: 1.1 | B18: SINAPI | C18: 103689 | D18: FORNECIMENTO E INSTALAÇÃO DE PLACA DE OBRA COM CHAPA GALVANIZADA E ESTRUTURA DE MADEIRA. AF_03/2022_PS | E18: M2 | F18: ='MEMORIA DE CÁLCULO'!I15 -> 4.5 | G18: 304.61 | H18: =ROUND((G18*(1+$I$13)),2) -> 391.85 | I18: =ROUND((F18*H18),2) -> 1763.33
A19: SUB -TOTAL | I19: =SUM(I18:I18) -> 1763.33
A22: 2.0 | D22: TERRAPLANAGEM
A23: 2.1 | B23: SINAPI | C23: =CPU!F15 -> CPU.2 | D23: =CPU!C15 -> LOCAÇÃO DE PAVIMENTAÇÃO | E23: M | F23: ='MEMORIA DE CÁLCULO'!I25 -> 1026.92 | G23: =CPU!H23 -> 1.65 | H23: =ROUND((G23*(1+$I$13)),2) -> 2.12 | I23: =ROUND((F23*H23),2) -> 2177.07
A24: 2.2 | B24: SINAPI | C24: 101116 | D24: ESCAVAÇÃO HORIZONTAL EM SOLO DE 1A CATEGORIA COM TRATOR DE ESTEIRAS (170HP/LÂMINA: 5,20M3). AF_07/2020 | E24: M3 | F24: ='MEMORIA DE CÁLCULO'!I34 -> 760.41 | G24: 2,29 | H24: =ROUND((G24*(1+$I$13)),2) -> 2.95 | I24: =ROUND((F24*H24),2) -> 2243.21
A25: 2.3 | B25: SINAPI | C25: 100974 | D25: CARGA, MANOBRA E DESCARGA DE SOLOS E MATERIAIS GRANULARES EM CAMINHÃO BASCULANTE 10 M³ - CARGA COM PÁ CARREGADEIRA (CAÇAMBA DE 1,7 A 2,8 M³ / 128 HP) E DESCARGA LIVRE (UNIDADE: M3). AF_07/2020 | E25: M3 | F25: ='MEMORIA DE CÁLCULO'!I42 -> 760.41 | G25: 8,62 | H25: =ROUND((G25*(1+$I$13)),2) -> 11.09 | I25: =ROUND((F25*H25),2) -> 8432.95
A26: 2.4 | B26: SINAPI | C26: 95426 | D26: TRANSPORTE COM CAMINHÃO BASCULANTE DE 18 M³, EM VIA URBANA EM REVESTIMENTO PRIMÁRIO (UNIDADE: M3XKM). AF_07/2020 | E26: M3XKM | F26: ='MEMORIA DE CÁLCULO'!I50 -> 5303.88 | G26: 2,00 | H26: =ROUND((G26*(1+$I$13)),2) -> 2.57 | I26: =ROUND((F26*H26),2) -> 13630.97
A27: 2.5 | B27: SINAPI | C27: 100577 | D27: REGULARIZAÇÃO E COMPACTAÇÃO DE SUBLEITO DE SOLO PREDOMINANTEMENTE ARENOSO. AF_11/2019 | E27: M2 | F27: ='MEMORIA DE CÁLCULO'!I58 -> 2534.71 | G27: 1,17 | H27: =ROUND((G27*(1+$I$13)),2) -> 1.51 | I27: =ROUND((F27*H27),2) -> 3827.41
A28: 2.6 | B28: SINAPI | C28: 96396 | D28: EXECUÇÃO E COMPACTAÇÃO DE BASE E OU SUB BASE PARA PAVIMENTAÇÃO DE BRITA GRADUADA SIMPLES - EXCLUSIVE CARGA E TRANSPORTE. AF_11/2019 | E28: M3 | F28: ='MEMORIA DE CÁLCULO'!I66 -> 380.2 | G28: 214,23 | H28: =ROUND((G28*(1+$I$13)),2) -> 275.59 | I28: =ROUND((F28*H28),2) -> 104779.32
A29: SUB -TOTAL | I29: =SUM(I23:I28) -> 135090.93
A31: 3.0 | D31: MEIO-FIO E SARJETA
A32: 3.1 | B32: SINAPI | C32: 94267 | D32: GUIA (MEIO-FIO) E SARJETA CONJUGADOS DE CONCRETO, MOLDADA IN LOCO EM TRECHO RETO COM EXTRUSORA, 45 CM BASE (15 CM BASE DA GUIA + 30 CM BASE DA SARJETA) X 22 CM ALTURA. AF_01/2024 | E32: M | F32: ='MEMORIA DE CÁLCULO'!I76 -> 838.25 | G32: 56,46 | H32: =ROUND((G32*(1+$I$13)),2) -> 72.63 | I32: =ROUND((F32*H32),2) -> 60882.1
A33: 3.2 | B33: SEINFRA | C33: ED-51139 | D33: GUIA DE MEIO-FIO, EM CONCRETO COM FCK 20MPA, PRÉ-MOLDADA, MFC-01 PADRÃO DER-MG, DIMENSÕES (12X16,7X35)CM, EXCLUSIVE SARJETA, INCLUSIVE ESCAVAÇÃO, APILOAMENTO E TRANSPORTE COM RETIRADA DO MATERIAL ESCAVADO (EM CAÇAMBA) | E33: M | F33: ='MEMORIA DE CÁLCULO'!I82 -> 25.81 | G33: 79.13 | H33: =ROUND((G33*(1+$I$13)),2) -> 101.79 | I33: =ROUND((F33*H33),2) -> 2627.2
A34: SUB -TOTAL | I34: =SUM(I32:I33) -> 63509.3
A36: 4.0 | D36: IMPRIMAÇÃO
A37: 4.1 | B37: SINAPI | C37: =CPU!F29 -> CPU.3 | D37: =CPU!C29 -> EXECUÇÃO DE IMPRIMAÇÃO COM ASFALTO DILUÍDO. | E37: =CPU!H29 -> M2 | F37: ='MEMORIA DE CÁLCULO'!I91 -> 2302.75 | G37: =CPU!H41 -> 4.32 | H37: =ROUND((G37*(1+$I$13)),2) -> 5.56 | I37: =ROUND((F37*H37),2) -> 12803.29
A38: 4.2 | B38: SINAPI | C38: 102331 | D38: TRANSPORTE COM CAMINHÃO TANQUE DE TRANSPORTE DE MATERIAL ASFÁLTICO DE 30000 L, EM VIA URBANA PAVIMENTADA, ADICIONAL PARA DMT EXCEDENTE A 30 KM (UNIDADE: TXKM). AF_07/2020 | E38: TXKM | F38: ='MEMORIA DE CÁLCULO'!I99 -> 2094.92 | G38: 0.53 | H38: =ROUND((G38*(1+$I$13)),2) -> 0.68 | I38: =ROUND((F38*H38),2) -> 1424.55
A39: SUB -TOTAL | I39: =SUM(I37:I38) -> 14227.84
A41: 5.0 | D41: PINTURA DE LIGAÇÃO
A42: 5.1 | B42: SINAPI | C42: =CPU!F47 -> CPU.4 | D42: =CPU!C47 -> EXECUÇÃO DE PINTURA DE LIGAÇÃO COM EMULSÃO ASFÁLTICA RR-2C. | E42: =CPU!H47 -> M2 | F42: ='MEMORIA DE CÁLCULO'!I110 -> 2302.75 | G42: =CPU!H55 -> 1.75 | H42: =ROUND((G42*(1+$I$13)),2) -> 2.25 | I42: =ROUND((F42*H42),2) -> 5181.19
A43: 5.2 | B43: SINAPI | C43: 102331 | D43: TRANSPORTE COM CAMINHÃO TANQUE DE TRANSPORTE DE MATERIAL ASFÁLTICO DE 30000 L, EM VIA URBANA PAVIMENTADA, ADICIONAL PARA DMT EXCEDENTE A 30 KM (UNIDADE: TXKM). AF_07/2020 | E43: TXKM | F43: ='MEMORIA DE CÁLCULO'!I117 -> 588.35 | G43: 0.53 | H43: =ROUND((G43*(1+$I$13)),2) -> 0.68 | I43: =ROUND((F43*H43),2) -> 400.08
A44: SUB -TOTAL | I44: =SUM(I42:I43) -> 5581.27
A46: 6.0 | D46: PAVIMENTAÇÃO ASFÁLTICO TIPO CBUQ
A47: 6.1 | B47: SINAPI | C47: 95995 | D47: EXECUÇÃO DE PAVIMENTO COM APLICAÇÃO DE CONCRETO ASFÁLTICO, CAMADA DE ROLAMENTO - EXCLUSIVE CARGA E TRANSPORTE. AF_11/2019 | E47: M3 | F47: ='MEMORIA DE CÁLCULO'!I128 -> 92.11 | G47: 1829.4 | H47: =ROUND((G47*(1+$I$13)),2) -> 2353.34 | I47: =ROUND((F47*H47),2) -> 216766.15
A48: 6.2 | B48: SINAPI | C48: 95875 | D48: TRANSPORTE COM CAMINHÃO BASCULANTE DE 10 M³, EM VIA URBANA PAVIMENTADA, DMT ATÉ 30 KM (UNIDADE: M3XKM). AF_07/2020 | E48: M3XKM | F48: ='MEMORIA DE CÁLCULO'!I135 -> 842.25 | G48: 2.41 | H48: =ROUND((G48*(1+$I$13)),2) -> 3.1 | I48: =ROUND((F48*H48),2) -> 2610.98
A49: SUB -TOTAL | I49: =SUM(I47:I48) -> 219377.13
A52: VALOR TOTAL DA OBRA: | I52: =I49+I34+I39+I44+I19+I29 -> 439549.8
A53: BRASÍLIA DE MINAS- MG
A54: 24 de setembro 2026.
B55: __________________________________________________ | E55: _____________________________________________________
C56: Luan Gonçalves Matos | E56: Prefeito Municipal
B57: CREA/MG 199.844/D | E57: Marcus Vinicius Ferreira Carvalho

Sheet MEMORIA DE CÁLCULO
A2: MEMÓRIA DE CÁLCULO
A3: ='PLAN ORÇ'!A9 -> OBRA: | B3: ='PLAN ORÇ'!B9:E9 -> PAVIMENTAÇÃO ASFÁLTICA EM DIVERSAS RUAS DO MUNICÍPIO DE BRASÍLIA DE MINAS/MG | F3: DATA: 24/09/2026
A4: ='PLAN ORÇ'!A10:E10 -> LOCAL: Rua Edgar Pereira, Rua | F4: FORMA DE EXECUÇÃO:
A5: ='PLAN ORÇ'!A11:E11 -> REGIÃO/MÊS DE REFERÊNCIA: SINAPI - 05/2024 DESONERADO | F5: LDI 29,46% | G5: ( ) | H5: DIRETA | I5: ( x ) | J5: INDIRETA
A6: ='PLAN ORÇ'!A13:E13 -> PRAZO PRAZO DE EXECUÇÃO: 60 DIAS
A8: ITEM: | B8: ='PLAN ORÇ'!A17 -> 1.0 | C8: ='PLAN ORÇ'!D17 -> SERVIÇOS PRELIMINARES
A10: DESCRIÇÃO: | B10: ='PLAN ORÇ'!A18 -> 1.1 | D10: ='PLAN ORÇ'!D18 -> FORNECIMENTO E INSTALAÇÃO DE PLACA DE OBRA COM CHAPA GALVANIZADA E ESTRUTURA DE MADEIRA. AF_03/2022_PS
A11: CÓDIGO: | B11: ='PLAN ORÇ'!C18 -> 103689
D12: Compr. | F12: Altura | I12: Área Total (m2) | J12: Observação
A14: Placa de obra | D14: 3 | F14: 1.5 | I14: =ROUND(D14*F14,2) -> 4.5
A15: TOTAL | I15: =ROUND(SUM(I14:I14),2) -> 4.5
A17: ITEM: | B17: ='PLAN ORÇ'!A22 -> 2.0 | C17: ='PLAN ORÇ'!D22 -> TERRAPLANAGEM
A19: DESCRIÇÃO: | B19: 2.1 | D19: ='PLAN ORÇ'!D23 -> LOCAÇÃO DE PAVIMENTAÇÃO
A20: CÓDIGO: | B20: ='PLAN ORÇ'!C23 -> CPU.2
D21: Comprimento | F21: Repetições | I21: Comprimento (m) | J21: Observação
A23: TV. JOAQUIM RODRIGUES E CONTINUAÇÃO RUA RUM | D23: =D74 -> 513.46 | F23: 2 | I23: =ROUND(D23*F23,2) -> 1026.92
A24: RUA EDGAR PEREIRA | D24: =SUM(42.38+29.15+62.06+24.58) -> 158.17 | F24: 2 | I24: =ROUND(D24*F24,2) -> 316.34
A25: TOTAL | I25: =SUM(I23:I23) -> 1026.92
A27: DESCRIÇÃO: | B27: ='PLAN ORÇ'!A24 -> 2.2 | D27: ='PLAN ORÇ'!D24 -> ESCAVAÇÃO HORIZONTAL EM SOLO DE 1A CATEGORIA COM TRATOR DE ESTEIRAS (170HP/LÂMINA: 5,20M3). AF_07/2020
A28: CÓDIGO: | B28: ='PLAN ORÇ'!C24 -> 101116
D29: Área | F29: Espessura | I29: Volume Total (m³) | J29: Observação
A31: Escavação da TV. JOAQUIM RODRIGUES/ RUA UM (inclusive área de meio fio e sarjeta) | D31: 1421.09 | F31: 0.15 | I31: =ROUND(D31*F31,2) -> 213.16
A32: Rua Edgar Pereira | D32: =D57 -> 1113.62 | F32: 0.15 | I32: =ROUND(D32*F32,2) -> 167.04
A33: Escavação da jazida (material para base) | D33: =D31+D32 -> 2534.71 | F33: 0.15 | I33: =ROUND(D33*F33,2) -> 380.21
A34: TOTAL | I34: =SUM(I31:I33) -> 760.41
A36: DESCRIÇÃO: | B36: ='PLAN ORÇ'!A25 -> 2.3 | D36: ='PLAN ORÇ'!D25 -> CARGA, MANOBRA E DESCARGA DE SOLOS E MATERIAIS GRANULARES EM CAMINHÃO BASCULANTE 10 M³ - CARGA COM PÁ CARREGADEIRA (CAÇAMBA DE 1,7 A 2,8 M³ / 128 HP) E DESCARGA LIVRE (UNIDADE: M3). AF_07/2020
A37: CÓDIGO: | B37: ='PLAN ORÇ'!C25 -> 100974
D38: Volume | I38: Volume Total (m³) | J38: Observação
A40: BOTA FORA (SOMATÓRIO DOS VOLUMES FORA A JAZIDA) | D40: =I31+I32 -> 380.2 | I40: =ROUND(D40,2) -> 380.2
A41: JAZIDA | D41: =I33 -> 380.21 | I41: =ROUND(D41,2) -> 380.21
A42: TOTAL | I42: =ROUND(SUM(I40:I41),2) -> 760.41
A44: DESCRIÇÃO: | B44: ='PLAN ORÇ'!A26 -> 2.4 | D44: ='PLAN ORÇ'!D26 -> TRANSPORTE COM CAMINHÃO BASCULANTE DE 18 M³, EM VIA URBANA EM REVESTIMENTO PRIMÁRIO (UNIDADE: M3XKM). AF_07/2020
A45: CÓDIGO: | B45: ='PLAN ORÇ'!C26 -> 95426
D46: Volume | F46: DMT | I46: M³ X KM | J46: Observação
A48: =A40 -> BOTA FORA (SOMATÓRIO DOS VOLUMES FORA A JAZIDA) | D48: =D40 -> 380.2 | F48: 4.36 | I48: =ROUND(D48*F48,2) -> 1657.67
A49: =A41 -> JAZIDA | D49: =D41 -> 380.21 | F49: 9.59 | I49: =ROUND(D49*F49,2) -> 3646.21
A50: TOTAL | I50: =SUM(I48:I49) -> 5303.88
A52: DESCRIÇÃO: | B52: ='PLAN ORÇ'!A27 -> 2.5 | D52: ='PLAN ORÇ'!D27 -> REGULARIZAÇÃO E COMPACTAÇÃO DE SUBLEITO DE SOLO PREDOMINANTEMENTE ARENOSO. AF_11/2019
A53: CÓDIGO: | B53: ='PLAN ORÇ'!C27 -> 100577
D54: Área | I54: Área Total (m²) | J54: Observação
A56: =A64 -> RUA TV. JOAQUIM RODRIGUES/ CONTINUAÇÃO RUA UM | D56: =D31 -> 1421.09 | I56: =ROUND(D56,2) -> 1421.09
A57: RUA EDGAR PEREIRA | D57: 1113.62 | I57: =D57 -> 1113.62
A58: TOTAL | I58: =ROUND(SUM(I56:I57),2) -> 2534.71
A60: DESCRIÇÃO: | B60: ='PLAN ORÇ'!A28 -> 2.6 | D60: ='PLAN ORÇ'!D28 -> EXECUÇÃO E COMPACTAÇÃO DE BASE E OU SUB BASE PARA PAVIMENTAÇÃO DE BRITA GRADUADA SIMPLES - EXCLUSIVE CARGA E TRANSPORTE. AF_11/2019
A61: CÓDIGO: | B61: ='PLAN ORÇ'!C28 -> 96396
D62: Volume | I62: Volume Total (m3) | J62: Observação
A64: =A74 -> RUA TV. JOAQUIM RODRIGUES/ CONTINUAÇÃO RUA UM | D64: =I31 -> 213.16 | I64: =D64 -> 213.16
A65: =A57 -> RUA EDGAR PEREIRA | D65: =I32 -> 167.04 | I65: =D65 -> 167.04
A66: TOTAL | I66: =ROUND(SUM(I64:I65),2) -> 380.2
A68: ITEM: | B68: ='PLAN ORÇ'!A31 -> 3.0 | C68: ='PLAN ORÇ'!D31 -> MEIO-FIO E SARJETA
A70: DESCRIÇÃO: | B70: ='PLAN ORÇ'!A32 -> 3.1 | D70: ='PLAN ORÇ'!D32 -> GUIA (MEIO-FIO) E SARJETA CONJUGADOS DE CONCRETO, MOLDADA IN LOCO EM TRECHO RETO COM EXTRUSORA, 45 CM BASE (15 CM BASE DA GUIA + 30 CM BASE DA SARJETA) X 22 CM ALTURA. AF_01/2024
A71: CÓDIGO: | B71: ='PLAN ORÇ'!C32 -> 94267
D72: Comprimento | I72: Comp. Total (m) | J72: Observação
A74: =A89 -> RUA TV. JOAQUIM RODRIGUES/ CONTINUAÇÃO RUA UM | D74: =36.9+8.52+9.94+3.26+6.62+38.05+10.67+27.98+3.9+23.74+3.75+8.41+8.1+3.29+23.35+3.63+28.15+2.19+6.27+59.52+5.26+10+59.81+4.27+41.57+6.54+4.29+9.01+5.68+14.43+33.76+2.6 -> 513.46 | I74: =D74 -> 513.46
A75: =A65 -> RUA EDGAR PEREIRA | D75: =3.92+42.38+29.15+62.06+24.58+4.26+84.44+31.56+42.44 -> 324.79 | I75: =D75 -> 324.79
A76: TOTAL | I76: =SUM(I74:I75) -> 838.25
A77: DESCRIÇÃO: | B77: ='PLAN ORÇ'!A39 -> SUB -TOTAL | D77: ='PLAN ORÇ'!D33 -> GUIA DE MEIO-FIO, EM CONCRETO COM FCK 20MPA, PRÉ-MOLDADA, MFC-01 PADRÃO DER-MG, DIMENSÕES (12X16,7X35)CM, EXCLUSIVE SARJETA, INCLUSIVE ESCAVAÇÃO, APILOAMENTO E TRANSPORTE COM RETIRADA DO MATERIAL ESCAVADO (EM CAÇAMBA)
A78: CÓDIGO: | B78: ='PLAN ORÇ'!C33 -> ED-51139
D79: Comprimento | F79: CORDÃO DE TRAVAMENTO | I79: Comp. Total (m) | J79: Observação
A81: RUA EDGAR PEREIRA | D81: =8.94+8.8+8.07 -> 25.81 | I81: =D81 -> 25.81
A82: TOTAL | I82: =SUM(I81:I81) -> 25.81
A83: ITEM: | B83: ='PLAN ORÇ'!A36 -> 4.0 | C83: ='PLAN ORÇ'!D36 -> IMPRIMAÇÃO
A85: DESCRIÇÃO: | B85: ='PLAN ORÇ'!A37 -> 4.1 | D85: ='PLAN ORÇ'!D37 -> EXECUÇÃO DE IMPRIMAÇÃO COM ASFALTO DILUÍDO.
A86: CÓDIGO: | B86: ='PLAN ORÇ'!C37 -> CPU.3
D87: Área | I87: Área Total (m2) | J87: Observação
A89: =A97 -> RUA TV. JOAQUIM RODRIGUES/ CONTINUAÇÃO RUA UM | D89: =D108+D109 -> 2302.75 | I89: =D89 -> 2302.75
A90: =A75 -> RUA EDGAR PEREIRA | D90: 1113.62
A91: TOTAL | I91: =ROUND(SUM(I89:I89),2) -> 2302.75
A93: DESCRIÇÃO: | B93: 4.2 | D93: ='PLAN ORÇ'!D38 -> TRANSPORTE COM CAMINHÃO TANQUE DE TRANSPORTE DE MATERIAL ASFÁLTICO DE 30000 L, EM VIA URBANA PAVIMENTADA, ADICIONAL PARA DMT EXCEDENTE A 30 KM (UNIDADE: TXKM). AF_07/2020
A94: CÓDIGO: | B94: ='PLAN ORÇ'!C38 -> 102331
D95: Área | F95: RR-2C (T/m²) | H95: DMT | I95: Transporte (TxKM) | J95: Observação
A97: =A108 -> RUA TV. JOAQUIM RODRIGUES/ CONTINUAÇÃO RUA UM | D97: =I89 -> 2302.75 | F97: 0.0012 | H97: 511 | I97: =ROUND(D97*F97*H97,2) -> 1412.05
A98: =A90 -> RUA EDGAR PEREIRA | D98: 1113.62 | F98: 0.0012 | H98: 511 | I98: =ROUND(D98*F98*H98,2) -> 682.87
A99: TOTAL | I99: =SUM(I97:I98) -> 2094.92
A102: ITEM: | B102: ='PLAN ORÇ'!A41 -> 5.0 | C102: ='PLAN ORÇ'!D41 -> PINTURA DE LIGAÇÃO
A104: DESCRIÇÃO: | B104: ='PLAN ORÇ'!A42 -> 5.1 | D104: ='PLAN ORÇ'!D42 -> EXECUÇÃO DE PINTURA DE LIGAÇÃO COM EMULSÃO ASFÁLTICA RR-2C.
A105: CÓDIGO: | B105: ='PLAN ORÇ'!C42 -> CPU.4
D106: Área | I106: Área Total (m2) | J106: Observação
A108: RUA TV. JOAQUIM RODRIGUES/ CONTINUAÇÃO RUA UM | D108: 1189.13 | I108: =D108 -> 1189.13
A109: =A98 -> RUA EDGAR PEREIRA | D109: =D98 -> 1113.62 | I109: =D109 -> 1113.62
A110: TOTAL | I110: =SUM(I108:I109) -> 2302.75
A112: DESCRIÇÃO: | B112: ='PLAN ORÇ'!A43 -> 5.2 | D112: ='PLAN ORÇ'!D43 -> TRANSPORTE COM CAMINHÃO TANQUE DE TRANSPORTE DE MATERIAL ASFÁLTICO DE 30000 L, EM VIA URBANA PAVIMENTADA, ADICIONAL PARA DMT EXCEDENTE A 30 KM (UNIDADE: TXKM). AF_07/2020
A113: CÓDIGO: | B113: ='PLAN ORÇ'!C43 -> 102331
D114: Área | F114: RR-2C (T/m²) | H114: DMT | I114: Transporte (TxKM) | J114: Observação
A116: Refinaria Gabriel Passos até Brasília de Minas | D116: =I110 -> 2302.75 | F116: 0.0005 | H116: 511 | I116: =ROUND(D116*F116*H116,2) -> 588.35
A117: TOTAL | I117: =SUM(I116) -> 588.35
A120: ITEM: | B120: ='PLAN ORÇ'!A46 -> 6.0 | C120: ='PLAN ORÇ'!D46 -> PAVIMENTAÇÃO ASFÁLTICO TIPO CBUQ
A122: DESCRIÇÃO: | B122: ='PLAN ORÇ'!A47 -> 6.1 | D122: ='PLAN ORÇ'!D47 -> EXECUÇÃO DE PAVIMENTO COM APLICAÇÃO DE CONCRETO ASFÁLTICO, CAMADA DE ROLAMENTO - EXCLUSIVE CARGA E TRANSPORTE. AF_11/2019
A123: CÓDIGO: | B123: ='PLAN ORÇ'!C47 -> 95995
D124: Área | F124: Espessura | I124: Volume Total (m3) | J124: Observação
A126: =A108 -> RUA TV. JOAQUIM RODRIGUES/ CONTINUAÇÃO RUA UM | D126: =D108 -> 1189.13 | F126: 0.04 | I126: =ROUND(D126*F126,2) -> 47.57
A127: =A98 -> RUA EDGAR PEREIRA | D127: =D109 -> 1113.62 | F127: 0.04 | I127: =ROUND(D127*F127,2) -> 44.54
A128: TOTAL | I128: =SUM(I126:I127) -> 92.11
A130: DESCRIÇÃO: | B130: ='PLAN ORÇ'!A48 -> 6.2 | D130: ='PLAN ORÇ'!D48 -> TRANSPORTE COM CAMINHÃO BASCULANTE DE 10 M³, EM VIA URBANA PAVIMENTADA, DMT ATÉ 30 KM (UNIDADE: M3XKM). AF_07/2020
A131: CÓDIGO: | B131: ='PLAN ORÇ'!C48 -> 95875
D132: Volume | F132: CBUQ (m³/Km) | H132: DMT | I132: Transporte (TxKM) | J132: Observação
A134: Usina de Asfalto até local da obra | D134: =I128 -> 92.11 | F134: 2.4 | H134: 3.81 | I134: =ROUND(D134*F134*H134,2) -> 842.25 | J134: Incluindo material das lombadas
A135: TOTAL | I135: =SUM(I134) -> 842.25
B139: ________________________________________________________ | E139: _____________________________________________________
B140: Luan Gonçalves Matos | E140: Prefeito Municipal
...

Sheet CRONOGRAMA
A1: A N E X O I I I - MODELO
A3: CRONOGRAMA FÍSICO-FINANCEIRO
A4: PREFEITURA: PREFEITURA MUNICIPAL DE BRASILIA DE MINAS /MG | D4: VALOR DA OBRA: | F4: ='PLAN ORÇ'!I52 -> 439549.8 | G4: DATA: 24 DE SETEMBRO 2026
A5: OBRA: PAVIMENTAÇÃO ASFÁLTICO EM DIVERSAS RUAS DO MUNICÍPIO DE BRASÍLIA DE MINAS/MG | D5: LOCAL: RUA TV. JOAQUIM RODRIGUE; RUA EDGAR PEREIRA | G5: PRAZO DA OBRA: 60 DIAS
A7: ETAPAS/DESCRIÇÃO | B7: Total Etapas | C7: Físico / Financeiro | D7: Mês 1 | G7: Mês 2
A8: ='PLAN ORÇ'!D17 -> SERVIÇOS PRELIMINARES | B8: ='PLAN ORÇ'!I19 -> 1763.33 | C8: Físico % | D8: 1 | G8: 0
C9: Financeiro | D9: =B8*D8 -> 1763.33 | G9: =B8*G8 -> 0
A10: ='PLAN ORÇ'!D22 -> TERRAPLANAGEM | B10: ='PLAN ORÇ'!I29 -> 135090.93 | C10: Físico % | D10: 1 | G10: 0
C11: Financeiro | D11: =B10*D10 -> 135090.93 | G11: =B10*G10 -> 0
A12: ='PLAN ORÇ'!D31 -> MEIO-FIO E SARJETA | B12: ='PLAN ORÇ'!I34 -> 63509.3 | C12: Físico % | D12: 0 | G12: 1
C13: Financeiro | D13: =B12*D12 -> 0 | G13: =B12*G12 -> 63509.3
A14: ='PLAN ORÇ'!D36 -> IMPRIMAÇÃO | B14: ='PLAN ORÇ'!I39 -> 14227.84 | C14: Físico % | D14: 1 | G14: 0
C15: Financeiro | D15: =B14*D14 -> 14227.84 | G15: =B14*G14 -> 0
A16: ='PLAN ORÇ'!D41 -> PINTURA DE LIGAÇÃO | B16: ='PLAN ORÇ'!I44 -> 5581.27 | C16: Físico % | D16: 1 | G16: 0
C17: Financeiro | D17: =B16*D16 -> 5581.27 | G17: =B16*G16 -> 0
A18: ='PLAN ORÇ'!D46 -> PAVIMENTAÇÃO ASFÁLTICO TIPO CBUQ | B18: ='PLAN ORÇ'!I49 -> 219377.13 | C18: Físico % | D18: 0.5 | G18: 0.5
C19: Financeiro | D19: =B18*D18 -> 109688.57 | G19: =B18*G18 -> 109688.57
A20: TOTAL | B20: =SUM(B8:B19) -> 439549.8
C21: Financeiro | D21: =D9+D11+D15+D17+D19 -> 266351.93 | G21: =G13+G19 -> 173197.86
B22: Acumulado
D23: =D9+D11+D13+D15+D17+D19 -> 266351.93 | G23: =D23+G13+G19 -> 439549.8
A26: _____________________________________________ | E26: _____________________________________________
A27: LUAN GONÇALVES MATOS | E27: Prefeito Municipal
A28: CREA/MG 199.844D | E28: Marcus Vinicius Ferreira Carvalho
Q41: 0.95334714
Q43: 0.78357939
Q44: 0.5428896
Q45: 0.68252879
Q46: 0.33581815
Q47: 0.38517584
Q48: 0.40353086
Q52: 0.083214387
Q53: 1
Q54: 0.58000061

Sheet BDI
A1: DEMONSTRATIVO DE BDI COM DESONERAÇÃO
A8: DEMONSTRATIVO DO BDI - COM DESONERAÇÃO - OBRA RODOVIÁRIA
A10: BDI (CONFORME ACÓRDÃO Nº 2622/13 e LEI Nº 13.161 DE 31/08/15)
A11: DISCRIMINAÇÃO DAS PARCELAS | B11: SIG. (1) | C11: CONSTRUÇÃO DE RODOVIAS E FERROVIAS | J11: INC. (5)
C12: ISS (2) | G12: DIFERENCIADO
C13: 0.02 | D13: 0.03 | E13: 0.04 | F13: 0.05 | G13: MATERIAL (3) | H13: SERVIÇO TERCEIRIZADO (4) (ISS=5%)
A14: CUSTO DIRETO | B14: CD | C14: 1 | D14: 1 | E14: 1 | F14: 1 | G14: 1 | H14: 1
A15: ADMINISTRAÇÃO CENTRAL | B15: AC | C15: 0.055 | D15: 0.055 | E15: 0.055 | F15: 0.055 | G15: 0.0342 | H15: 0.04 | J15: CD
A16: LUCRO BRUTO | B16: L | C16: 0.075 | D16: 0.075 | E16: 0.075 | F16: 0.075 | G16: 0.0494 | H16: 0.0616 | J16: CD
A17: DESPESAS FINANCEIRAS | B17: DF | C17: 0.009313 | D17: 0.009313 | E17: 0.009313 | F17: 0.009313 | G17: 0.009313 | H17: 0.009313 | J17: CD
A18: SEGUROS, GARANTIAS E RISCO | C18: =SUM(C19:C20) -> 0.0227 | D18: =SUM(D19:D20) -> 0.0227 | E18: =SUM(E19:E20) -> 0.0227 | F18: =SUM(F19:F20) -> 0.0227 | G18: =SUM(G19:G20) -> 0.0129 | H18: =SUM(H19:I20) -> 0.0177 | J18: CD
A19: SEGUROS + GARANTIAS | B19: S | C19: 0.01 | D19: 0.01 | E19: 0.01 | F19: 0.01 | G19: 0.0053 | H19: 0.008 | J19: CD
A20: RISCO(*) | B20: R | C20: 0.0127 | D20: 0.0127 | E20: 0.0127 | F20: 0.0127 | G20: 0.0076 | H20: 0.0097 | J20: CD
A21: TRIBUTOS | B21: I | C21: =SUM(C22:C24) -> 0.0465 | D21: =SUM(D22:D24) -> 0.0515 | E21: =SUM(E22:E24) -> 0.0565 | F21: =SUM(F22:F24) -> 0.0615 | G21: =SUM(G22:G24) -> 0.0365 | H21: =SUM(H22:I24) -> 0.0615 | J21: PV
A22: ISS | B22: ISS(2) | C22: 0.01 | D22: 0.015 | E22: 0.02 | F22: 0.025 | G22: - | H22: 0.025 | J22: PV
A23: PIS | B23: PIS | C23: 0.0065 | D23: 0.0065 | E23: 0.0065 | F23: 0.0065 | G23: 0.0065 | H23: 0.0065 | J23: PV
A24: COFINS | B24: - | C24: 0.03 | D24: 0.03 | E24: 0.03 | F24: 0.03 | G24: 0.03 | H24: 0.03 | J24: PV
A25: CPRB | B25: INSS | C25: 0.045 | D25: 0.045 | E25: 0.045 | F25: 0.045 | G25: 0.045 | H25: 0.045 | J25: PV
A27: FÓRMULA DO BDI | C27: (1 + (AC + S + G + R)) x (1 + DF) x (1 + L)
C28: (1 - (I + CPRB))
A29: BDI (NUMERADOR) | C29: =(1+(C15+C18))*(1+C17)*(1+C16)-1 -> 0.16931687 | D29: =(1+(D15+D18))*(1+D17)*(1+D16)-1 -> 0.16931687 | E29: =(1+(E15+E18))*(1+E17)*(1+E16)-1 -> 0.16931687 | F29: =(1+(F15+F18))*(1+F17)*(1+F16)-1 -> 0.16931687 | G29: =(1+(G15+G18))*(1+G17)*(1+G16)-1 -> 0.10906011 | H29: =(1+(H15+H18))*(1+H17)*(1+H16)-1 -> 0.13331146
A30: BDI (DENOMINADOR) | C30: =(1-(C21+C25)) -> 0.9085 | D30: =(1-(D21+D25)) -> 0.9035 | E30: =(1-(E21+E25)) -> 0.8985 | F30: =(1-(F21+F25)) -> 0.8935 | G30: =(1-(G21+G25)) -> 0.9185 | H30: =(1-(H21+H25)) -> 0.8935
A31: BDI | C31: =(1+C29)/C30-1 -> 0.28708516 | D31: =(1+D29)/D30-1 -> 0.29420793 | E31: =(1+E29)/E30-1 -> 0.30140998 | F31: =(1+F29)/F30-1 -> 0.30869263 | G31: =(1+G29)/G30-1 -> 0.20746882 | H31: =(1+H29)/H30-1 -> 0.26839559
A33: OBSERVAÇÕES
A34: (1) SIGLA. (2) QUANTO AO ISS O TCU ORIENTA OBSERVAR A LEGISLAÇÃO DO MUNICÍPIO. NO REFERIDO ACÓRDÃO O TCU PARTIU DA PREMISSA DE INCIDÊNCIA DO ISS EM 50% DO PREÇO DE VENDA, COM PERCENTUAIS DE 2%, 3%, 4% E 5%. (3) BDI DIFERENCIADO A SER APLICADO EM CASOS DE FORNECIMENTO DE MATERIAIS E EQUIPAMENTOS. EX. ELEVADOR, ESCADAS ROLANTES, EQUIPAMENTOS DE REFRIGERAÇÃO ETC. (4) BDI DIFERENCIADO A SER APLICADO PARA SERVIÇOS TERCEIRIZADOS. (5) INCIDÊNCIA.
B37: ______________________________________________
B38: Aldir Moreira Filho
B39: CREA/MG 199.432/D
A43: DEMONSTRATIVO DO BDI - COM DESONERAÇÃO - OBRA RODOVIÁRIA
A45: BDI (CONFORME ACÓRDÃO Nº 2622/13 e LEI Nº 13.161 DE 31/08/15)
A46: DISCRIMINAÇÃO DAS PARCELAS | B46: SIG. (1) | C46: CONSTRUÇÃO DE RODOVIAS E FERROVIAS | J46: INC. (6)
C47: ISS (2) | G47: DIFERENCIADO
C48: 0.02 | D48: 0.03 | E48: 0.04 | F48: 0.05 | G48: MATERIAL (5) | H48: SERVIÇO TERCEIRIZADO (4) (ISS=5%) | I48: EQUIPAMENTO (3) (ISS=5%)
A49: CUSTO DIRETO | B49: CD | C49: 1 | D49: 1 | E49: 1 | F49: 1 | G49: 1 | H49: 1 | I49: 1
A50: ADMINISTRAÇÃO CENTRAL | B50: AC | C50: 0.0467 | D50: 0.0467 | E50: 0.0467 | F50: 0.0467 | G50: 0.0342 | H50: 0.0401 | I50: 0.0342 | J50: CD
A51: LUCRO BRUTO | B51: L | C51: 0.0753 | D51: 0.0753 | E51: 0.0753 | F51: 0.0753 | G51: 0.0494 | H51: 0.0664 | I51: 0.0494 | J51: CD
A52: DESPESAS FINANCEIRAS | B52: DF | C52: 0.009313 | D52: 0.009313 | E52: 0.009313 | F52: 0.009313 | G52: 0.009313 | H52: 0.009313 | I52: 0.009313 | J52: CD
A53: SEGUROS, GARANTIAS E RISCO | C53: =SUM(C54:C55) -> 0.0171 | D53: =SUM(D54:D55) -> 0.0171 | E53: =SUM(E54:E55) -> 0.0171 | F53: =SUM(F54:F55) -> 0.0171 | G53: =SUM(G54:G55) -> 0.0129 | H53: =SUM(H54:H55) -> 0.0082 | I53: =SUM(I54:I55) -> 0.0129 | J53: CD
A54: SEGUROS + GARANTIAS | B54: S | C54: 0.0074 | D54: 0.0074 | E54: 0.0074 | F54: 0.0074 | G54: 0.0053 | H54: 0.0032 | I54: 0.0053 | J54: CD
A55: RISCO(*) | B55: R | C55: 0.0097 | D55: 0.0097 | E55: 0.0097 | F55: 0.0097 | G55: 0.0076 | H55: 0.005 | I55: 0.0076 | J55: CD
A56: TRIBUTOS | B56: I | C56: =SUM(C57:C59) -> 0.0505 | D56: =SUM(D57:D59) -> 0.0575 | E56: =SUM(E57:E59) -> 0.0645 | F56: =SUM(F57:F59) -> 0.0715 | G56: =SUM(G57:G59) -> 0.0365 | H56: =SUM(H57:H59) -> 0.0615 | I56: =SUM(I57:I59) -> 0.0615 | J56: PV
A57: ISS | B57: ISS(2) | C57: 0.014 | D57: 0.021 | E57: 0.028 | F57: 0.035 | G57: - | H57: 0.025 | I57: 0.025 | J57: PV
A58: PIS | B58: PIS | C58: 0.0065 | D58: 0.0065 | E58: 0.0065 | F58: 0.0065 | G58: 0.0065 | H58: 0.0065 | I58: 0.0065 | J58: PV
A59: COFINS | B59: - | C59: 0.03 | D59: 0.03 | E59: 0.03 | F59: 0.03 | G59: 0.03 | H59: 0.03 | I59: 0.03 | J59: PV
A60: CPRB | B60: INSS | C60: 0.045 | D60: 0.045 | E60: 0.045 | F60: 0.045 | G60: 0.045 | H60: 0.045 | I60: 0.045 | J60: PV
A62: FÓRMULA DO BDI | C62: (1 + (AC + S + G + R)) x (1 + DF) x (1 + L)
C63: (1 - (I + CPRB))
A64: BDI (NUMERADOR) | C64: =(1+(C50+C53))*(1+C52)*(1+C51)-1 -> 0.15455732 | D64: =(1+(D50+D53))*(1+D52)*(1+D51)-1 -> 0.15455732 | E64: =(1+(E50+E53))*(1+E52)*(1+E51)-1 -> 0.15455732 | F64: =(1+(F50+F53))*(1+F52)*(1+F51)-1 -> 0.15455732 | G64: =(1+(G50+G53))*(1+G52)*(1+G51)-1 -> 0.10906011 | H64: =(1+(H50+H53))*(1+H52)*(1+H51)-1 -> 0.12831819 | I64: =(1+(I50+I53))*(1+I52)*(1+I51)-1 -> 0.10906011
A65: BDI (DENOMINADOR) | C65: =(1-(C56+C60)) -> 0.9045 | D65: =(1-(D56+D60)) -> 0.8975 | E65: =(1-(E56+E60)) -> 0.8905 | F65: =(1-(F56+F60)) -> 0.8835 | G65: =(1-(G56+G60)) -> 0.9185 | H65: =(1-(H56+H60)) -> 0.8935 | I65: =(1-(I56+I60)) -> 0.8935
A66: BDI | C66: =(1+C64)/C65-1 -> 0.27645917 | D66: =(1+D64)/D65-1 -> 0.28641484 | E66: =(1+E64)/E65-1 -> 0.29652703 | F66: =(1+F64)/F65-1 -> 0.30679946 | G66: =(1+G64)/G65-1 -> 0.20746882 | H66: =(1+H64)/H65-1 -> 0.26280715 | I66: =(1+I64)/I65-1 -> 0.24125362
A68: OBSERVAÇÕES
A69: (1) SIGLA. (2) INCIDÊNCIA DE ISS EM 70% DO PREÇO DE VENDA, COM PERCENTUAIS DE 2%, 3%, 4% E 5%. (3) BDI DIFERENCIADO A SER APLICADO EM LOCAÇÃO DE CUSTO HORÁRIO DE EQUIPAMENTO. (4) BDI DIFERENCIADO A SER APLICADO PARA SERVIÇOS TERCEIRIZADOS. (5) BDI DIFERENCIADO A SER APLICADO PARA FORNECIMENTO DE MATERIAL BETUMINOSO E MATERIAL DE JAZIDA. (6) INCIDÊNCIA.
A71: ______________________________________________
A72: Luan Gonçalves Matos
A73: CREA/MG 199.844/D

Sheet CPU
A1: 1 | B1: COMPOSIÇÃO DE PREÇO UNITÁRIO
B2: OBRA: | C2: RECAPEAMENTO ASFÁLTICO EM DIVERSAS RUAS NO MUNICÍPIO DE BRASÍLIA DE MINAS/MG | G2: DATA: | H2: 45413
B3: SERVIÇO: | C3: ADMINISTRAÇÃO LOCAL | E3: Referência: | F3: CPU.1 | G3: UNIDADE: | H3: UN
B5: TIPO ITEM | C5: CODIGO ITEM | D5: DESCRIÇÃO ITEM | E5: UNIDADE ITEM | F5: COEFICIENTE | G5: PRECO UNITARIO | H5: CUSTO TOTAL
B6: SINAPI | C6: 90778 | D6: ENGENHEIRO CIVIL DE OBRA PLENO COM ENCARGOS COMPLEMENTARES | E6: H | F6: 132 | G6: 106.43 | H6: =ROUND(F6*G6,2) -> 14048.76
B7: SINAPI | C7: 90780 | D7: MESTRE DE OBRAS COM ENCARGOS COMPLEMENTARES | E7: H | F7: 132 | G7: 77.14 | H7: =ROUND(F7*G7,2) -> 10182.48
B8: PRODUÇÃO DA EQUIPE | E8: 1 | F8: CUSTO | H8: =SUM(H6:H7) -> 24231.24
B9: TOTAL | H9: =ROUND(H8/E8,2) -> 24231.24
B10: BDI % | H10: ='PLAN ORÇ'!I13 -> 0.2864
B11: TOTAL DO SERVIÇO - R$ | H11: =ROUND(H9*(1+H10),2) -> 31171.07
A13: 1 | B13: COMPOSIÇÃO DE PREÇO UNITÁRIO
B14: OBRA: | C14: RECAPEAMENTO ASFÁLTICO EM DIVERSAS RUAS NO MUNICÍPIO DE BRASÍLIA DE MINAS/MG | G14: DATA: | H14: =H2 -> 45413
B15: SERVIÇO: | C15: LOCAÇÃO DE PAVIMENTAÇÃO | E15: Referência: | F15: CPU.2 | G15: UNIDADE: | H15: M
B17: TIPO ITEM | C17: CODIGO ITEM | D17: DESCRIÇÃO ITEM | E17: UNIDADE ITEM | F17: COEFICIENTE | G17: PRECO UNITARIO | H17: CUSTO TOTAL
B18: SINAPI | C18: 90781 | D18: TOPOGRAFO COM ENCARGOS COMPLEMENTARES | E18: H | F18: 0.0176 | G18: 38.56 | H18: =ROUND(F18*G18,2) -> 0.68
B19: SINAPI-I | C19: 7247 | D19: LOCACAO DE TEODOLITO ELETRONICO, PRECISAO ANGULAR DE 5 A 7 SEGUNDOS, INCLUINDO TRIPE | E19: H | F19: 0.2994 | G19: 2.03 | H19: =ROUND(F19*G19,2) -> 0.61
B20: SINAPI-I | C20: 32 | D20: ACO CA-50, 6,3 MM, VERGALHAO | E20: KG | F20: 0.0037 | G20: 7.69 | H20: =ROUND(F20*G20,2) -> 0.03
B21: SINAPI | C21: 88253 | D21: AUXILIAR DE TOPÓGRAFO COM ENCARGOS COMPLEMENTARES | E21: H | F21: 0.0176 | G21: 18.52 | H21: =ROUND(F21*G21,2) -> 0.33
B22: PRODUÇÃO DA EQUIPE | E22: 1 | F22: CUSTO | H22: =SUM(H18:H21) -> 1.65
B23: TOTAL | H23: =ROUND(H22/E22,2) -> 1.65
B24: BDI % | H24: ='PLAN ORÇ'!I13 -> 0.2864
B25: TOTAL DO SERVIÇO - R$ | H25: =ROUND(H23*(1+H24),2) -> 2.12
A27: 2 | B27: COMPOSIÇÃO DE PREÇO UNITÁRIO
B28: OBRA: | C28: RECAPEAMENTO ASFÁLTICO EM DIVERSAS RUAS NO MUNICÍPIO DE BRASÍLIA DE MINAS/MG | G28: DATA: | H28: =H14 -> 45413
B29: SERVIÇO: | C29: EXECUÇÃO DE IMPRIMAÇÃO COM ASFALTO DILUÍDO. | E29: Referência: | F29: CPU.3 | G29: UNIDADE: | H29: M2
B31: TIPO ITEM | C31: CODIGO ITEM | D31: DESCRIÇÃO ITEM | E31: UNIDADE ITEM | F31: COEFICIENTE | G31: PRECO UNITARIO | H31: CUSTO TOTAL
B32: SINAPI | C32: 5839 | D32: VASSOURA MECÂNICA REBOCÁVEL COM ESCOVA CILÍNDRICA, LARGURA ÚTIL DE VARRIMENTO DE 2,44 M - CHP DIURNO. AF_06/2014 | E32: CHP | F32: 0.002 | G32: 9.31 | H32: =ROUND(F32*G32,2) -> 0.02
B33: SINAPI | C33: 5841 | D33: VASSOURA MECÂNICA REBOCÁVEL COM ESCOVA CILÍNDRICA, LARGURA ÚTIL DE VARRIMENTO DE 2,44 M - CHI DIURNO. AF_06/2014 | E33: CHI | F33: 0.004 | G33: 4.68 | H33: =ROUND(F33*G33,2) -> 0.02
B34: SINAPI | C34: 83362 | D34: ESPARGIDOR DE ASFALTO PRESSURIZADO, TANQUE 6 M3 COM ISOLAÇÃO TÉRMICA, AQUECIDO COM 2 MAÇARICOS, COM BARRA ESPARGIDORA 3,60 M, MONTADO SOBRE CAMINHÃO TOCO, PBT 14.300 KG, POTÊNCIA 185 CV - CHP DIURNO. AF_08/2015 | E34: CHP | F34: 0.001 | G34: 265.17 | H34: =ROUND(F34*G34,2) -> 0.27
B35: SETOP | C35: MATRO- 22869 | D35: EMULSÃO ASFÁLTICA DE PETRÓLEO PARA SERVIÇO DE IMPRIMAÇÃO com ICMS 18 % | E35: ton | F35: 0.0012 | G35: 2615.5 | H35: =ROUND(F35*G35,2) -> 3.14
B36: SINAPI | C36: 88316 | D36: AJUDANTE ESPECIALIZADO COM ENCARGOS COMPLEMENTARES | E36: H | F36: 0.0058 | G36: 18.53 | H36: =ROUND(F36*G36,2) -> 0.11
B37: SINAPI | C37: 89035 | D37: TRATOR DE PNEUS, POTÊNCIA 85 CV, TRAÇÃO 4X4, PESO COM LASTRO DE 4.675 KG - CHP DIURNO. AF_06/2014 | E37: CHP | F37: 0.0017 | G37: 134.16 | H37: =ROUND(F37*G37,2) -> 0.23
B38: SINAPI | C38: 89036 | D38: TRATOR DE PNEUS, POTÊNCIA 85 CV, TRAÇÃO 4X4, PESO COM LASTRO DE 4.675 KG - CHI DIURNO. AF_06/2014 | E38: CHI | F38: 0.0041 | G38: 51.24 | H38: =ROUND(F38*G38,2) -> 0.21
B39: SINAPI | C39: 91486 | D39: ESPARGIDOR DE ASFALTO PRESSURIZADO, TANQUE 6 M3 COM ISOLAÇÃO TÉRMICA, AQUECIDO COM 2 MAÇARICOS, COM BARRA ESPARGIDORA 3,60 M, MONTADO SOBRE CAMINHÃO TOCO, PBT 14.300 KG, POTÊNCIA 185 CV - CHI DIURNO. AF_08/2015 | E39: CHI | F39: 0.0049 | G39: 66.22 | H39: =ROUND(F39*G39,2) -> 0.32
B40: PRODUÇÃO DA EQUIPE | E40: 1 | F40: CUSTO | H40: =SUM(H32:H39) -> 4.32
B41: TOTAL | H41: =ROUND(H40/E40,2) -> 4.32
B42: BDI % | H42: ='PLAN ORÇ'!I13 -> 0.2864
B43: TOTAL DO SERVIÇO - R$ | H43: =ROUND(H41*(1+H42),2) -> 5.56
A45: 3 | B45: COMPOSIÇÃO DE PREÇO UNITÁRIO
B46: OBRA: | C46: RECAPEAMENTO ASFÁLTICO EM DIVERSAS RUAS NO MUNICÍPIO DE BRASÍLIA DE MINAS/MG | G46: DATA: | H46: =H28 -> 45413
B47: SERVIÇO: | C47: EXECUÇÃO DE PINTURA DE LIGAÇÃO COM EMULSÃO ASFÁLTICA RR-2C. | E47: Referência: | F47: CPU.4 | G47: UNIDADE: | H47: M2
B49: TIPO ITEM | C49: CODIGO ITEM | D49: DESCRIÇÃO ITEM | E49: UNIDADE ITEM | F49: COEFICIENTE | G49: PRECO UNITARIO | H49: CUSTO TOTAL
B50: SINAPI | C50: 5839 | D50: VASSOURA MECÂNICA REBOCÁVEL COM ESCOVA CILÍNDRICA, LARGURA ÚTIL DE VARRIMENTO DE 2,44 M - CHP DIURNO. AF_06/2014 | E50: CHP | F50: 0.002 | G50: 9.31 | H50: =ROUND(F50*G50,2) -> 0.02
B51: SINAPI | C51: 5841 | D51: VASSOURA MECÂNICA REBOCÁVEL COM ESCOVA CILÍNDRICA, LARGURA ÚTIL DE VARRIMENTO DE 2,44 M - CHI DIURNO. AF_06/2014 | E51: CHI | F51: 0.004 | G51: 4.68 | H51: =ROUND(F51*G51,2) -> 0.02
B52: SETOP | C52: MATRO-10375 | D52: EMULSÃO RR-2C com ICMS 18% | E52: t | F52: 0.0005 | G52: 3205.45 | H52: =ROUND(F52*G52,2) -> 1.6
B53: SINAPI | C53: 83362 | D53: ESPARGIDOR DE ASFALTO PRESSURIZADO, TANQUE 6 M3 COM ISOLAÇÃO TÉRMICA, AQUECIDO COM 2 MAÇARICOS, COM BARRA ESPARGIDORA 3,60 M, MONTADO SOBRE CAMINHÃO TOCO, PBT 14.300 KG, POTÊNCIA 185 CV - CHP DIURNO. AF_08/2015 | E53: CHP | F53: 0.0004 | G53: 265.17 | H53: =ROUND(F53*G53,2) -> 0.11
B54: PRODUÇÃO DA EQUIPE | E54: 1 | F54: CUSTO | H54: =SUM(H50:H53) -> 1.75
B55: TOTAL | H55: =ROUND(H54/E54,2) -> 1.75
B56: BDI % | H56: ='PLAN ORÇ'!I13 -> 0.2864
B57: TOTAL DO SERVIÇO - R$ | H57: =ROUND(H55*(1+H56),2) -> 2.25
A59: 4 | B59: COMPOSIÇÃO DE PREÇO UNITÁRIO
B60: OBRA: | C60: RECAPEAMENTO ASFÁLTICO EM DIVERSAS RUAS NO MUNICÍPIO DE BRASÍLIA DE MINAS/MG | G60: DATA: | H60: =H46 -> 45413
B61: SERVIÇO: | C61: PLACA DE TRÂNSITO SINALIZAÇÃO VERTICAL, CHAPA N°16, SEMI-REFLEXIVA, TIPO R-01 PARADA OBRIGATÓRIA (FORMA OCTOGONAL, DIMENSÃO DO LADO 250MM), INCLUINDO TUBO AÇO GALVANIZADO COM COSTURA NBR 5580 CLASSE LEVE DN 50MM, E=3,00MM - 4,40KG/M (COMPRIMENTO 3,00M) E INSTALAÇÃO | E61: Referência: | F61: CPU.5 | G61: UNIDADE: | H61: UN
B63: TIPO ITEM | C63: CODIGO ITEM | D63: DESCRIÇÃO ITEM | E63: UNIDADE ITEM | F63: COEFICIENTE | G63: PRECO UNITARIO | H63: CUSTO TOTAL
B64: SINAPI-I | C64: 34723 | D64: PLACA DE SINALIZACAO EM CHAPA DE ACO NUM 16 COM PINTURA REFLETIVA | E64: M2 | F64: 0.3 | G64: 577.5 | H64: =ROUND(F64*G64,2) -> 173.25
B65: SINAPI-I | C65: 21013 | D65: TUBO ACO GALVANIZADO COM COSTURA, CLASSE LEVE, DN 50 MM ( 2"), E = 3,00 MM, *4,40* KG/M (NBR 5580) | E65: M | F65: 3 | G65: 74.78 | H65: =ROUND(F65*G65,2) -> 224.34
B66: SINAPI | C66: 94975 | D66: CONCRETO FCK = 15MPA, TRAÇO 1:3,4:3,5 (EM MASSA SECA DE CIMENTO/ AREIA MÉDIA/ BRITA 1) - PREPARO MANUAL. AF_05/2021 | E66: M3 | F66: =0.3*0.3*0.6 -> 0.054 | G66: 493.57 | H66: =ROUND(F66*G66,2) -> 26.65
B67: SINAPI | C67: 100721 | D67: PINTURA COM TINTA ALQUÍDICA DE FUNDO (TIPO ZARCÃO) PULVERIZADA SOBRE SUPERFÍCIES METÁLICAS (EXCETO PERFIL) EXECUTADO EM OBRA (POR DEMÃO). AF_01/2020_PE | E67: M2 | F67: =0.0005*3 -> 0.0015 | G67: 25.76 | H67: =ROUND(F67*G67,2) -> 0.04
B68: SINAPI | C68: 100757 | D68: PINTURA COM TINTA ALQUÍDICA DE ACABAMENTO (ESMALTE SINTÉTICO ACETINADO) PULVERIZADA SOBRE SUPERFÍCIES METÁLICAS (EXCETO PERFIL) EXECUTADO EM OBRA (02 DEMÃOS). AF_01/2020_PE | E68: M2 | F68: =0.0005*3 -> 0.0015 | G68: 50.69 | H68: =ROUND(F68*G68,2) -> 0.08
B69: SINAPI | C69: 88316 | D69: SERVENTE COM ENCARGOS COMPLEMENTARES | E69: H | F69: 0.05 | G69: 18.53 | H69: =ROUND(F69*G69,2) -> 0.93
B70: PRODUÇÃO DA EQUIPE | E70: 1 | F70: CUSTO | H70: =SUM(H64:H69) -> 425.29
B71: TOTAL | H71: =ROUND(H70/E70,2) -> 425.29
B72: BDI % | H72: ='PLAN ORÇ'!I13 -> 0.2864
B73: TOTAL DO SERVIÇO - R$ | H73: =ROUND(H71*(1+H72),2) -> 547.09
A75: 5 | B75: COMPOSIÇÃO DE PREÇO UNITÁRIO
B76: OBRA: | C76: RECAPEAMENTO ASFÁLTICO EM DIVERSAS RUAS NO MUNICÍPIO DE BRASÍLIA DE MINAS/MG | G76: DATA: | H76: =H60 -> 45413
B77: SERVIÇO: | C77: PLACA ESMALTADA PARA IDENTIFICAÇÃO DE NOME DE RUA, DIMENSÕES 45X25CM (DUAS PLACAS POR ESQUINA), INCLUINDO TUBO AÇO GALVANIZADO COM COSTURA NBR 5580 CLASSE LEVE DN 50MM, E=3,00MM - 4,40KG/M (COMPRIMENTO 3,00M) E INSTALAÇÃO | E77: Referência: | F77: CPU.6 | G77: UNIDADE: | H77: UN
B79: TIPO ITEM | C79: CODIGO ITEM | D79: DESCRIÇÃO ITEM | E79: UNIDADE ITEM | F79: COEFICIENTE | G79: PRECO UNITARIO | H79: CUSTO TOTAL
B80: SINAPI-I | C80: 34723 | D80: PLACA DE SINALIZACAO EM CHAPA DE ACO NUM 16 COM PINTURA REFLETIVA | E80: M2 | F80: 0.225 | G80: 577.5 | H80: =ROUND(F80*G80,2) -> 129.94
B81: SINAPI-I | C81: 21013 | D81: TUBO ACO GALVANIZADO COM COSTURA, CLASSE LEVE, DN 50 MM ( 2"), E = 3,00 MM, *4,40* KG/M (NBR 5580) | E81: M | F81: 3 | G81: 74.78 | H81: =ROUND(F81*G81,2) -> 224.34
B82: SINAPI | C82: 94975 | D82: CONCRETO FCK = 15MPA, TRAÇO 1:3,4:3,5 (EM MASSA SECA DE CIMENTO/ AREIA MÉDIA/ BRITA 1) - PREPARO MANUAL. AF_05/2021 | E82: M3 | F82: =0.3*0.3*0.6 -> 0.054 | G82: 493.57 | H82: =ROUND(F82*G82,2) -> 26.65
B83: SINAPI | C83: 100721 | D83: PINTURA COM TINTA ALQUÍDICA DE FUNDO (TIPO ZARCÃO) PULVERIZADA SOBRE SUPERFÍCIES METÁLICAS (EXCETO PERFIL) EXECUTADO EM OBRA (POR DEMÃO). AF_01/2020_PE | E83: M2 | F83: =0.0005*3 -> 0.0015 | G83: 25.76 | H83: =ROUND(F83*G83,2) -> 0.04
B84: SINAPI | C84: 100757 | D84: PINTURA COM TINTA ALQUÍDICA DE ACABAMENTO (ESMALTE SINTÉTICO ACETINADO) PULVERIZADA SOBRE SUPERFÍCIES METÁLICAS (EXCETO PERFIL) EXECUTADO EM OBRA (02 DEMÃOS). AF_01/2020_PE | E84: M2 | F84: =0.0005*3 -> 0.0015 | G84: 50.69 | H84: =ROUND(F84*G84,2) -> 0.08
B85: SINAPI | C85: 88316 | D85: SERVENTE COM ENCARGOS COMPLEMENTARES | E85: H | F85: 0.05 | G85: 18.53 | H85: =ROUND(F85*G85,2) -> 0.93
B86: PRODUÇÃO DA EQUIPE | E86: 1 | F86: CUSTO | H86: =SUM(H80:H85) -> 381.98
B87: TOTAL | H87: =ROUND(H86/E86,2) -> 381.98
B88: BDI % | H88: ='PLAN ORÇ'!I13 -> 0.2864
B89: TOTAL DO SERVIÇO - R$ | H89: =ROUND(H87*(1+H88),2) -> 491.38
A91: 6 | B91: COMPOSIÇÃO DE PREÇO UNITÁRIO
B92: OBRA: | C92: RECAPEAMENTO ASFÁLTICO EM DIVERSAS RUAS NO MUNICÍPIO DE BRASÍLIA DE MINAS/MG | G92: DATA: | H92: =H76 -> 45413
B93: SERVIÇO: | C93: PLACA DE TRÂNSITO SINALIZAÇÃO VERTICAL, CHAPA N°16, SEMI-REFLEXIVA, TIPO A-18 SALIÊNCIA OU LOMBADA OU TIPO A-32B PASSAGEM SINALIZADA DE PEDESTRES (FORMA QUADRADA, DIMENSÃO DO LADO 600MM), INCLUINDO TUBO AÇO GALVANIZADO COM COSTURA NBR 5580 CLASSE LEVE DN 50MM, E=3,00MM - 4,40KG/M (COMPRIMENTO 3,00M) E INSTALAÇÃO | E93: Referência: | F93: CPU.7 | G93: UNIDADE: | H93: UN
B95: TIPO ITEM | C95: CODIGO ITEM | D95: DESCRIÇÃO ITEM | E95: UNIDADE ITEM | F95: COEFICIENTE | G95: PRECO UNITARIO | H95: CUSTO TOTAL
B96: SINAPI-I | C96: 34723 | D96: PLACA DE SINALIZACAO EM CHAPA DE ACO NUM 16 COM PINTURA REFLETIVA | E96: M2 | F96: 0.36 | G96: 577.5 | H96: =ROUND(F96*G96,2) -> 207.9
B97: SINAPI-I | C97: 21013 | D97: TUBO ACO GALVANIZADO COM COSTURA, CLASSE LEVE, DN 50 MM ( 2"), E = 3,00 MM, *4,40* KG/M (NBR 5580) | E97: M | F97: 3 | G97: 74.78 | H97: =ROUND(F97*G97,2) -> 224.34
B98: SINAPI | C98: 94975 | D98: CONCRETO FCK = 15MPA, TRAÇO 1:3,4:3,5 (EM MASSA SECA DE CIMENTO/ AREIA MÉDIA/ BRITA 1) - PREPARO MANUAL. AF_05/2021 | E98: M3 | F98: =0.3*0.3*0.6 -> 0.054 | G98: 493.57 | H98: =ROUND(F98*G98,2) -> 26.65
B99: SINAPI | C99: 100721 | D99: PINTURA COM TINTA ALQUÍDICA DE FUNDO (TIPO ZARCÃO) PULVERIZADA SOBRE SUPERFÍCIES METÁLICAS (EXCETO PERFIL) EXECUTADO EM OBRA (POR DEMÃO). AF_01/2020_PE | E99: M2 | F99: =0.0005*3 -> 0.0015 | G99: 25.76 | H99: =ROUND(F99*G99,2) -> 0.04
B100: SINAPI | C100: 100757 | D100: PINTURA COM TINTA ALQUÍDICA DE ACABAMENTO (ESMALTE SINTÉTICO ACETINADO) PULVERIZADA SOBRE SUPERFÍCIES METÁLICAS (EXCETO PERFIL) EXECUTADO EM OBRA (02 DEMÃOS). AF_01/2020_PE | E100: M2 | F100: =0.0005*3 -> 0.0015 | G100: 50.69 | H100: =ROUND(F100*G100,2) -> 0.08
B101: SINAPI | C101: 88316 | D101: SERVENTE COM ENCARGOS COMPLEMENTARES | E101: H | F101: 0.05 | G101: 18.53 | H101: =ROUND(F101*G101,2) -> 0.93
B102: PRODUÇÃO DA EQUIPE | E102: 1 | F102: CUSTO | H102: =SUM(H96:H101) -> 459.94
B103: TOTAL | H103: =ROUND(H102/E102,2) -> 459.94
B104: BDI % | H104: ='PLAN ORÇ'!I13 -> 0.2864
B105: TOTAL DO SERVIÇO - R$ | H105: =ROUND(H103*(1+H104),2) -> 591.67
A107: 7 | B107: COMPOSIÇÃO DE PREÇO UNITÁRIO
B108: OBRA: | C108: RECAPEAMENTO ASFÁLTICO EM DIVERSAS RUAS NO MUNICÍPIO DE BRASÍLIA DE MINAS/MG | G108: DATA: | H108: =H92 -> 45413
B109: SERVIÇO: | C109: RAMPA PARA ACESSO DE DEFICIENTE, EM CONCRETO SIMPLES FCK = 25 MPA, DESEMPENADA, COM PINTURA INDICATIVA, 02 DEMÃOS | E109: Referência: | F109: CPU.8 | G109: UNIDADE: | H109: UN
B111: TIPO ITEM | C111: CODIGO ITEM | D111: DESCRIÇÃO ITEM | E111: UNIDADE ITEM | F111: COEFICIENTE | G111: PRECO UNITARIO | H111: CUSTO TOTAL
B112: SINAPI | C112: 104796 | D112: DEMOLIÇÃO DE GUIAS, SARJETAS OU SARJETÕES, DE FORMA MECANIZADA, SEM REAPROVEITAMENTO. AF_09/2023 | E112: M | F112: 2.2 | G112: 13.11 | H112: =ROUND(F112*G112,2) -> 28.84
B113: SINAPI | C113: 104789 | D113: DEMOLIÇÃO DE PISO DE CONCRETO SIMPLES, DE FORMA MANUAL, SEM REAPROVEITAMENTO. AF_09/2023 | E113: M3 | F113: 0.17 | G113: 174.66 | H113: =ROUND(F113*G113,2) -> 29.69
B114: SINAPI | C114: 93358 | D114: ESCAVAÇÃO MANUAL DE VALA COM PROFUNDIDADE MENOR OU IGUAL A 1,30 M. AF_02/2021 | E114: M3 | F114: 0.4 | G114: 73.3 | H114: =ROUND(F114*G114,2) -> 29.32
B115: SINAPI | C115: 94971 | D115: CONCRETO FCK = 25MPA, TRAÇO 1:2,3:2,7 (EM MASSA SECA DE CIMENTO/ AREIA MÉDIA/ BRITA 1) - PREPARO MECÂNICO COM BETONEIRA 600 L. AF_05/2021 | E115: M3 | F115: 0.26 | G115: 506.48 | H115: =ROUND(F115*G115,2) -> 131.68
...
